 Dungeon Sprint DCSS version 0.29-a0-384-g6960b1960d (webtiles) character file.

Game seed: 254610061281884320

23219 mhtbhm the Shatterer (level 12, -3/139 HPs)
             Began as a Minotaur Berserker on May 7, 2022.
             Was the Champion of Trog.
             Slain by Arachne
             ... wielding a staff of poison
              (15 damage)
             ... in the Dungeon (Sprint VII: "The Pits").
             The game lasted 00:05:47 (3160 turns).

mhtbhm the Shatterer (Minotaur Berserker)           Turns: 3160, Time: 00:05:48

Health: -3/139     AC: 20    Str: 32    XL:     12   Next: 69%
Magic:  0/11       EV: 16    Int:  4    God:    Trog [******]
Gold:   30         SH:  0    Dex: 17    Spells: 11/11 levels left

rFire   + . .      SeeInvis .   a - +6 dire flail (vorpal)
rCold   + . .      Faith    .   (shield currently unavailable)
rNeg    . . .      Spirit   +   b - +4 chain mail
rPois   .          Reflect  .   (helmet restricted)
rElec   .          Harm     .   o - +0 cloak
rCorr   .          Rampage  .   (no gloves)
Will    .....      NoTele   +   (no boots)
Stlth   ..........              z - amulet of guardian spirit
HPRegen 0.33/turn               w - ring of Pepiotey {rF+ rC+ Dex+6}
MPRegen 0.12/turn               A - +6 ring of strength

@: lethally poisoned (-3 -> -20), on berserk cooldown, slowed, very slow
A: horns 2, retaliatory headbutt
a: Renounce Religion, Berserk, Trog's Hand, Brothers in Arms


You were in the Dungeon.
You worshipped Trog.
Trog was exalted by your worship.
You visited 1 branch You collected 30 gold pieces.

Inventory:

Hand Weapons
 a - a +6 vorpal dire flail (weapon)
 l - a +9 great mace
 p - a +4 eveningstar of flaming
Missiles
 r - a curare-tipped dart (quivered)
 y - 2 boomerangs
Armour
 b - a +4 chain mail (worn)
 o - a +0 cloak (worn)
Jewellery
 w - the ring of Pepiotey (left hand) {rF+ rC+ Dex+6}
   (You found it in the Dungeon)

   [ring of dexterity]

   Dex:       It affects your dexterity (+6).
   rF:        It protects you from fire.
   rC:        It protects you from cold.
 z - an amulet of guardian spirit (around neck)
 A - a +6 ring of strength (right hand)
Scrolls
 h - 2 scrolls of blinking
 j - a scroll of summoning
 s - 5 scrolls of identify
 t - 2 scrolls of enchant weapon
 u - 3 scrolls of fog
 v - 4 scrolls of enchant armour
 x - 3 scrolls of fear
Potions
 c - 5 potions of curing
 d - 11 potions of heal wounds
 e - 3 potions of haste
 f - 4 potions of magic
 g - 5 potions of berserk rage
 i - 2 potions of invisibility
 m - 3 potions of might
 n - 2 potions of mutation
 q - a potion of brilliance {unknown}


   Skills:
 + Level 22.9 Fighting
 + Level 23.0 Maces & Flails
 + Level 18.5 Armour
 + Level 12.2 Dodging
 + Level 2.4 Stealth


You had 11 spell levels left.
You didn't know any spells.
Your spell library was empty.

Dungeon Overview and Level Annotations

Branches:
Dungeon (1/1)

Altars:
Cheibriados
Dithmenos
Elyvilon
Fedhas
Gozag
Hepliaklqana
Makhleb
Nemelex Xobeh
Okawaru
Qazlal
Ru
Sif Muna
Trog
Vehumet
Wu Jian
Xom
Yredelemnul
Zin
The Shining One
Beogh
Jiyva
Lugonu

Annotations:
D Arachne


Innate Abilities, Weirdness & Mutations

You have a pair of horns on your head.
You reflexively headbutt those who attack you in melee.


Message History

You are caught in a web!
Unknown command.
Unknown command.
You feel much better. Arachne barely misses you.
Your cyclops hits Arachne!
Arachne hits you with a staff of poison!
Arachne envenoms you!
You are poisoned.
Your cyclops hits Arachne.
Unknown command.
The web tears apart.
You feel sick.
You are no longer poisoned.
Arachne closely misses you. You furiously retaliate!
You headbutt Arachne! Your cyclops hits Arachne!
Arachne hits you but does no damage. Arachne envenoms you!!
* * * LOW HITPOINT WARNING * * *
You are poisoned.
Your cyclops hits Arachne!!
You feel much better.
You feel sick.
You are no longer poisoned.
Arachne hits your cyclops with a staff of poison.
Arachne envenoms your cyclops!!
Your cyclops is poisoned.
Arachne says to your cyclops, "No one escapes my webs."
Arachne hits your cyclops with a staff of poison.
Arachne envenoms your cyclops!!
Your cyclops looks even sicker.
Your cyclops hits Arachne.
Arachne hits your cyclops with a staff of poison!!
Arachne envenoms your cyclops!!
Your cyclops dies!
Your cyclops's corpse disappears in a puff of smoke!
Arachne shouts!
Unknown command.
Your deep troll goes berserk!
Arachne casts a spell at you. The poison arrow hits you!!
You are poisoned.
* * * LOW HITPOINT WARNING * * *
Arachne hits you with a staff of poison!
You die...

###################
#..................
#..................
#.)################ #.['# #
#H)#.# # #.@# x# # #..# s# #
#.T# 4# # #..# # #
###########... ________.##...
________.######
______...###########++#######
##########'##................##


You could see Arachne (ally target) and a friendly deep troll (summoned,
berserk).

Vanquished Creatures
  A bone dragon (D)
  A daeva (D)
  A great orb of eyes (D)
  A boulder beetle (D)
  Erolcha (D)
  An ice dragon (D)
  A death knight (D)
  An alligator snapping turtle (D)
  A two-headed ogre (D)
  A merfolk aquamancer (D)
  A deep troll earth mage (D)
  2 deep trolls (D)
  2 swamp dragons (D)
  2 bog bodies (D)
  A phantasmal warrior (D)
  A deep elf zephyrmancer (D)
  A cyclops (D)
  An ugly thing (D)
  A manticore (D)
  A wolf spider (D)
  An orange demon (D)
  A smoke demon (D)
  A demonic crawler (D)
  A hellwing (D)
  A polar bear (D)
  A tyrant leech (D)
  A merfolk (D)
  A tarantella (D)
  3 hornets (D)
  A snapping turtle (D)
  2 flying skulls (D)
  A fire elemental (D)
  3 water elementals (D)
  6 yaks (D)
  A steam dragon (D)
  A small abomination (D)
  4 redbacks (D)
  Grum (D)
  A warg (D)
  An acid dragon (D)
  2 water moccasins (D)
  2 floating eyes (D)
  An ice beast (D)
  2 sky beasts (D)
  7 wolves (D)
  A kobold brigand (D)
  A gnoll sergeant (D)
  A scorpion (D)
  2 necrophages (D)
  7 wights (D)
  8 killer bees (D)
  2 crimson imps (D)
  A jelly (D)
  An iguana (D)
  An iron imp (D)
  An orc wizard (D)
  A hell rat (D)
  4 adders (D)
  2 gnolls (D)
  An ufetubus (D)
  A worm (D)
  A bat (D)
  A bat skeleton (D)
  An endoplasm (D)
  A kobold (D)
  A bat simulacrum (D)
  A quokka skeleton (D)
  2 rats (D)
113 creatures vanquished.

Vanquished Creatures (collateral kills)
  An ettin (D)
  A deep troll shaman (D)
  A guardian mummy (D)
  A tarantella (D)
  A snapping turtle (D)
  A water elemental (D)
  A wight (D)
7 creatures vanquished.

Grand Total: 120 creatures vanquished

Notes
Turn   | Place    | Note
-------+----------+-------------------------------------------
     0 | D        | mhtbhm the Minotaur Berserker began the quest for the Orb.
     0 | D        | Reached XP level 1. HP: 19/19 MP: 0/0
    16 | D        | Reached skill level 4 in Maces & Flails
   201 | D        | Found a bloodstained altar of Trog.
   201 | D        | Found a shimmering blue altar of Sif Muna.
   201 | D        | Found a viscous altar of Jiyva.
   201 | D        | Found a hazy altar of Hepliaklqana.
   201 | D        | Found an opulent altar of Gozag.
   202 | D        | Found a glowing golden altar of the Shining One.
   202 | D        | Found a glowing silver altar of Zin.
   202 | D        | Found a basalt altar of Yredelemnul.
   202 | D        | Found a shimmering altar of Xom.
   202 | D        | Found an ornate altar of the Wu Jian Council.
   202 | D        | Found a sacrificial altar of Ru.
   202 | D        | Found a stormy altar of Qazlal.
   202 | D        | Found an iron altar of Okawaru.
   202 | D        | Found a sparkling altar of Nemelex Xobeh.
   202 | D        | Found a burning altar of Makhleb.
   202 | D        | Found a blossoming altar of Fedhas.
   202 | D        | Found a white marble altar of Elyvilon.
   202 | D        | Found a shadowy altar of Dithmenos.
   202 | D        | Found a snail-covered altar of Cheibriados.
   236 | D        | Noticed a floating eye
   238 | D        | Killed a floating eye
   239 | D        | Reached skill level 7 in Maces & Flails
   239 | D        | Reached XP level 2. HP: 34/34 MP: 1/1
   239 | D        | Reached XP level 3. HP: 39/39 MP: 2/2
   239 | D        | Reached XP level 4. HP: 47/47 MP: 3/3
   239 | D        | Reached ** piety under Trog
   240 | D        | Reached skill level 8 in Maces & Flails
   354 | D        | Reached *** piety under Trog
   359 | D        | Noticed a scorpion
   366 | D        | Killed a scorpion
   367 | D        | Reached skill level 9 in Maces & Flails
   367 | D        | Reached XP level 5. HP: 6/56 MP: 4/4
   629 | D        | Noticed an ice beast
   633 | D        | Reached skill level 10 in Maces & Flails
   633 | D        | Reached skill level 5 in Dodging
   635 | D        | Reached **** piety under Trog
   636 | D        | Reached XP level 6. HP: 66/66 MP: 5/5
   637 | D        | Reached skill level 10 in Fighting
   637 | D        | Reached skill level 11 in Maces & Flails
   641 | D        | Reached skill level 5 in Armour
   644 | D        | Reached skill level 12 in Maces & Flails
   648 | D        | Killed an ice beast
   649 | D        | Reached XP level 7. HP: 74/74 MP: 6/6
   652 | D        | Reached ***** piety under Trog
   790 | D        | Reached skill level 13 in Maces & Flails
   805 | D        | Noticed a manticore
   812 | D        | Killed a manticore
   813 | D        | Reached skill level 14 in Maces & Flails
   813 | D        | Reached XP level 8. HP: 50/85 MP: 7/7
  1028 | D        | Noticed a deep elf zephyrmancer
  1035 | D        | Reached skill level 15 in Maces & Flails
  1041 | D        | Killed a deep elf zephyrmancer
  1041 | D        | Reached ****** piety under Trog
  1041 | D        | Received a gift from Trog
  1177 | D        | Found a radiant altar of Vehumet.
  1177 | D        | Found a corrupted altar of Lugonu.
  1211 | D        | Noticed a phantasmal warrior
  1211 | D        | Noticed a flying skull
  1216 | D        | Killed a phantasmal warrior
  1217 | D        | Reached skill level 16 in Maces & Flails
  1217 | D        | Reached XP level 9. HP: 78/96 MP: 8/8
  1219 | D        | Reached skill level 15 in Fighting
  1272 | D        | Noticed Grum
  1272 | D        | Noticed a swamp dragon
  1280 | D        | Received a gift from Trog
  1281 | D        | Reached skill level 17 in Maces & Flails
  1281 | D        | Killed Grum
  1285 | D        | Killed a swamp dragon
  1348 | D        | Reached skill level 18 in Maces & Flails
  1348 | D        | Paralysed by a hornet for 1 turns
  1355 | D        | Reached XP level 10. HP: 87/108 MP: 9/9
  1433 | D        | Noticed an orange demon
  1434 | D        | Received a gift from Trog
  1440 | D        | Killed an orange demon
  1441 | D        | Reached skill level 10 in Armour
  1446 | D        | Noticed a bog body
  1456 | D        | Killed a bog body
  1457 | D        | Reached skill level 19 in Maces & Flails
  1457 | D        | Reached skill level 10 in Dodging
  1499 | D        | Noticed a two-headed ogre
  1504 | D        | Received a gift from Trog
  1514 | D        | Killed a two-headed ogre
  1729 | D        | Noticed an ice dragon
  1729 | D        | Noticed an alligator snapping turtle
  1729 | D        | Noticed a bog body
  1735 | D        | Reached skill level 1 in Stealth
  1741 | D        | Killed an alligator snapping turtle
  1745 | D        | Killed a bog body
  1745 | D        | Received a gift from Trog
  1751 | D        | Killed an ice dragon
  1752 | D        | Reached skill level 20 in Maces & Flails
  1752 | D        | Reached XP level 11. HP: 119/121 MP: 10/10
  1887 | D        | Paralysed by a floating eye for 2 turns
  1887 | D        | Noticed Erolcha
  1904 | D        | Received a gift from Trog
  1911 | D        | Received a gift from Trog
  1932 | D        | Killed Erolcha
  1932 | D        | Received a gift from Trog
  2280 | D        | Reached skill level 21 in Maces & Flails
  2280 | D        | Received a gift from Trog
  2402 | D        | Noticed a swamp dragon
  2413 | D        | Killed a swamp dragon
  2413 | D        | Received a gift from Trog
  2414 | D        | Reached skill level 15 in Armour
  2680 | D        | Noticed a merfolk aquamancer
  2686 | D        | Killed a merfolk aquamancer
  2691 | D        | Received a gift from Trog
  2799 | D        | Noticed a purple ugly thing
  2799 | D        | Noticed a death knight
  2799 | D        | Noticed an ettin
  2799 | D        | Noticed a bone dragon
  2799 | D        | Noticed a deep troll shaman
  2799 | D        | Noticed a deep troll
  2799 | D        | Noticed a deep troll earth mage
  2799 | D        | Noticed a deep troll
  2803 | D        | Killed a purple ugly thing
  2810 | D        | Killed a bone dragon
  2810 | D        | Killed a deep troll shaman
  2811 | D        | Reached skill level 22 in Maces & Flails
  2811 | D        | Reached XP level 12. HP: 123/136 MP: 6/11
  2814 | D        | Received a gift from Trog
  2815 | D        | Killed a deep troll earth mage
  2823 | D        | Killed a death knight
  2825 | D        | Killed an ettin
  2855 | D        | Got the ring of Pepiotey {rF+ rC+ Dex+6}
  3051 | D        | Noticed a boulder beetle
  3062 | D        | Killed a boulder beetle
  3066 | D        | Received a gift from Trog
  3083 | D        | Noticed a daeva
  3097 | D        | Killed a daeva
  3098 | D        | Noticed a great orb of eyes
  3099 | D        | Killed a great orb of eyes
  3111 | D        | Received a gift from Trog
  3144 | D        | Noticed Arachne
  3155 | D        | Reached skill level 23 in Maces & Flails
  3160 | D        | Slain by Arachne

Illustrated notes

Levels and vault maps discovered:
D:        pitsprint [storerooms_1, entrance_room_1, metal_vault_2, armoury_2,
          mini_pit_1, grid_room_1, main_hall_1, silver_pit, the_coven_1,
          the_vestibule_1, steel_vault_2, golden_pit, hallway_of_sentries,
          crystal_vault_1, iron_vault_1, final_vault]

Skill      XL: |  1  2  3  4  5  6  7  8  9 10 11 12 |
---------------+-------------------------------------+-----
Fighting       | 7 8 9 11 12 14 16 18 21 22 | 22.9
Maces & Flails | 7 9 10 12 14 16 18 20 22 23 | 23.0
Armour         | 4 5 6 8 9 12 16 18 | 18.5
Dodging        | 3 4 5 6 7 8 9 10 11 12 | 12.2
Stealth        | 1 2 |  2.4

Action                   |  1- 3 |  4- 6 |  7- 9 | 10-12 || total
-------------------------+-------+-------+-------+-------++-------
Melee: Mace              |     3 |    29 |    56 |       ||    88
       Headbutt          |     2 |     2 |    18 |    46 ||    68
       Dire flail        |       |       |    29 |   209 ||   238
       Punch             |       |       |     1 |       ||     1
Invok: Berserk           |       |     1 |     2 |     5 ||     8
       Brothers in Arms  |       |       |       |     4 ||     4
  Use: Potion            |       |     1 |       |    12 ||    13
Armor: Animal skin       |       |     1 |       |       ||     1
       Chain mail        |       |     6 |    41 |   102 ||   149
Dodge: Dodged            |     2 |    19 |    42 |   109 ||   172

Table legend: (Time is in decaauts)
 A = Elapsed time spent in this place.
 B = Non-inter-level travel time spent in this place.
 C = Inter-level travel time spent in this place.
 D = Time resting spent in this place.
 E = Time spent auto-exploring this place.
 F = Levels seen in this place.
 G = Mean time per level.
                   A        B        C        D        E       F      G
               +--------+--------+--------+--------+--------+-----+--------+
         Total |   3116 |   3116 |      0 |   1871 |    262 |   1 | 3116.0 |
       Dungeon |   3116 |   3116 |      0 |   1871 |    262 |   1 | 3116.0 |
               +--------+--------+--------+--------+--------+-----+--------+

Top non-repeatable levels by time:
       D: 3116 daAuts
